 Dungeon Crawl Stone Soup version 0.25.1-1-g288607f5aa (webtiles) character file.

Game seed: 7934399048747453311

1 Descartes the Vexing (level 1, 0/7 HPs)
             Began as a Felid Enchanter on July 19, 2020.
             Slain by a leopard gecko (3 damage)
             ... on level 1 of the Dungeon.
             The game lasted 00:00:13 (136 turns).

Descartes the Vexing (Felid Enchanter)               Turns: 136, Time: 00:00:14

Health: 0/7        AC:  1    Str:  4    XL:     1   Next: 16%
Magic:  4/4        EV: 18    Int: 16    God:
Gold:   35         SH:  0    Dex: 16    Spells: 3/4 levels left
                                        Lives:  0   Deaths: 0

rFire    . . .     SeeInvis +     - Unarmed
rCold    . . .     Gourm    .   (shield unavailable)
rNeg     . . .     Faith    .   (armour unavailable)
rPois    .         Spirit   .   (helmet unavailable)
rElec    .         Reflect  .   (cloak unavailable)
rCorr    .         Harm     .   (gloves unavailable)
MR       .....                  (boots unavailable)
Stlth    +++.......             (no amulet)
HPRegen  0.02/turn              (no ring)
MPRegen  0.09/turn              (no ring)

@: quick
A: very small, no armour, no weapons or thrown items, stealth, claws 1, fangs 3,
see invisible, carnivore, speed 1, shaggy fur 1, slow metabolism 1, sharp paws
a: no special abilities


You were on level 1 of the Dungeon.
You were not hungry.

You visited 1 branch of the dungeon, and saw 1 of its levels.

You collected 35 gold pieces.

Inventory:

Potions
 a - a potion of might {unknown}
Comestibles
 b - a ration


   Skills:
 - Level 2.6 Dodging
 + Level 4.1 Stealth
 - Level 1.0 Unarmed Combat
 - Level 2.0 Spellcasting
 - Level 4.4 Hexes


You had 3 spell levels left.
You knew the following spells:

 Your Spells              Type           Power        Failure   Level  Hunger
a - Corona                Hex            ###....      3%          1    #......

Your spell library contained the following spells:

 Spells                   Type           Power        Failure   Level  Hunger
 Confusing Touch          Hex            ###.....     11%         3    ###....
 Tukima's Dance           Hex            ###.....     11%         3    ###....
 Ensorcelled Hibernation  Hex/Ice        #.....       13%         2    ###....
 Dazzling Flash           Conj/Hex       #.....       26%         3    ###....


Dungeon Overview and Level Annotations

Branches:
Dungeon (1/15)

Altars:


Innate Abilities, Weirdness & Mutations

You cannot wear armour.
You are incapable of wielding weapons or throwing items.
Your paws allow you to move quietly. (Stealth)
You have sharp claws.
You have razor-sharp teeth.
You have supernaturally acute eyesight. (SInv)
You are carnivorous and can eat meat at any time.
You cover ground quickly.
You are covered in fur. (AC +1)
You have a slow metabolism.
Your sharp claws are effective at attacking unaware monsters.


Message History

Found a stone staircase leading down.
A bat comes into view.
You scratch the bat.
The bat is moderately wounded.
The bat closely misses you. The bat barely misses you.
You scratch the bat.
The bat is heavily wounded.
The bat barely misses you. The bat hits you but does no damage.
The leopard gecko misses you.
You scratch the bat.
You kill the bat!
The bat misses you. The bat hits you. The leopard gecko misses you.
You barely miss the bat.
The bat is moderately wounded.
The bat closely misses you. The leopard gecko bites you.
You are too injured to fight recklessly!
You are too injured to fight recklessly!
You barely miss the leopard gecko. Your bite misses the leopard gecko.
The leopard gecko bites you.
You die...

#h #.# #.......# #.. #.#
#.####..# #..###.# #.#
#..######
###....#.###.####........
..................#######
##.....###.####.# #..#..#
#.# #.# ###..#†.# #.# #.#
........@# #.# #.# ####
###....lb.g.......# #...
#.....###..####.# #.##
##..... ......####.#
#...#. ....(.....# #... .
.........# #... .>
#######.## ....
#......... #.########


You could see a leopard gecko, a goblin and a bat.

Vanquished Creatures
  A bat (D:1)
1 creature vanquished.

Notes
Turn   | Place    | Note
-------+----------+-------------------------------------------
     0 | D:1      | Descartes the Felid Enchanter began the quest for the Orb.
     0 | D:1      | Reached XP level 1. HP: 7/7 MP: 4/4
   136 | D:1      | Slain by a leopard gecko

Illustrated notes

Levels and vault maps discovered:
D:1:      co_arrival_square_in_a_square_in_a_square, layout_loops_ring,
          minmay_pentomino_q2

Action                   || total
-------------------------++-------
Melee: Unarmed           ||     5
Armor: Skin              ||     1
Dodge: Dodged            ||     7
